Map: Acid Plant LE

Players

Cham - Winner!

  • Race: Zerg Zerg
  • Spawn Location: 5:00

Epic

  • Race: Terran Terran
  • Spawn Location: 11:00

Event: WCS Austin 2018

VOD

Have the link to the VOD?

Description

Time

  • Played on: June 1, 2018, 3:55 p.m.
  • Length: 15:58

All games in this series

Show
View Real Time Build Order
Export as new Build Order

Cham Zerg - Winner!

Build Orders: Hatch First, Roach Nydus 

Get SALT Encoding   

  12  0:01  Drone  
  13  0:09  Drone  
  14  0:16  Overlord  
  14  0:35  Drone x3  
  17  0:51  Hatchery  
  16  0:57  Drone  
  16  0:58  Drone  
  16  1:03  Extractor  
  17  1:14  Spawning Pool  
  16  1:18  Drone  
  16  1:20  Drone  
  18  1:30  Drone  
  19  1:48  Overlord  
  19  2:01  Queen  
  21  2:02  Zergling x2  
  21  2:04  Queen  
  21  2:05  Zergling x2  
  25  2:12  Drone x2  
  27  2:18  Drone  
  27  2:22  Overlord  
  28  2:28  Drone  
  29  2:33  Drone  
  30  2:43  Queen x2  
  34  2:45  Drone x2  
  34  2:49  Overlord  
  36  2:54  Drone  
  36  2:57  Drone  
  38  3:11  Drone  
  39  3:15  Drone x7  
  39  3:19  Extractor  
  45  3:21  Lair  
  44  3:33  Hatchery  
  43  3:36  Queen, Extractor  
  44  3:46  Roach Warren  
  44  3:48  Drone x3  
  44  3:50  Drone  
  44  3:54  Drone x2  
  49  3:56  Drone  
  49  4:01  Drone  
  51  4:03  Overlord  
  51  4:06  Overlord  
  51  4:14  Overlord  
  51  4:22  Nydus Network  
  50  4:26  Roach x2  
  50  4:27  Roach x2  
  58  4:34  Roach x2  
  58  4:36  Roach  
  64  4:39  Roach  
  64  4:42  Roach  
  68  4:46  Glial Reconstitution  
  68  4:51  Drone x3  
  71  4:56  Drone x2  
  71  4:57  Roach  
  75  5:00  Drone x3  
  75  5:02  Drone  
  75  5:03  Drone  
  75  5:05  Drone  
  81  5:08  Overlord  
  81  5:20  Nydus Canal  
  81  5:24  Overlord x3  
  81  5:31  Overlord x2  
  81  5:35  Extractor  
  80  5:36  Drone  
  80  5:37  Overlord  
  80  5:42  Overlord x2  
  81  5:43  Drone x2  
  81  5:44  Drone  
  81  5:45  Drone  
  81  5:47  Drone x2  
  81  5:49  Drone x2  
  89  5:52  Drone  
  90  5:57  Drone  
  90  5:59  Drone  
  90  6:04  Drone x2, Extractor  
  93  6:07  Drone x2  
  93  6:08  Drone  
  96  6:11  Extractor  
  96  6:12  Hatchery, Drone x2  
  96  6:13  Roach  
  96  6:16  Overlord  
  96  6:17  Drone  
  99  6:19  Roach  
  99  6:21  Ravager x4  
  99  6:23  Roach  
  99  6:25  Roach  
  109  6:29  Roach x2  
  115  6:33  Roach x2  
  115  6:35  Roach  
  115  6:36  Roach  
  115  6:38  Overlord  
  121  6:42  Roach x2  
  121  6:45  Overlord  
  127  6:47  Roach x2  
  127  6:49  Roach  
  127  6:51  Overlord  
  127  6:53  Ravager  
  132  6:58  Roach x3  
  132  7:01  Roach  
  140  7:05  Overlord  
  140  7:07  Roach  
  140  7:08  Roach x2  
  146  7:10  Overlord x2  
  146  7:15  Evolution Chamber, Drone x2  
  148  7:16  Evolution Chamber  
  148  7:17  Roach  
  148  7:21  Roach x2  
  152  7:25  Roach x2  
  152  7:29  Roach x2  
  160  7:32  Roach x3  
  160  7:36  Roach x2  
  170  7:43  Roach x4  
  170  7:44  Roach  
  180  7:46  Roach  
  171  7:53  Roach x2  
  171  7:56  Roach x2  
  175  7:58  Roach  
  175  7:59  Roach  
  175  8:02  Extractor  
  175  8:03  Extractor  
  167  8:08  Roach x2  
  167  8:11  Roach  
  161  8:15  Roach x4  
  161  8:16  Roach  
  161  8:19  Roach  
  173  8:20  Roach  
  173  8:21  Ravager  
  173  8:22  Ravager x4  
  173  8:23  Roach  
  173  8:26  Roach  
  173  8:27  Roach  
  184  8:31  Overlord  
  184  8:34  Zerg Missile Weapons Level 1  
  184  8:35  Zerg Ground Armor Level 1  
  184  8:47  Roach  
  186  8:49  Overlord x2  
  186  8:51  Roach x2  
  175  8:56  Roach  
  175  8:57  Roach  
  175  9:01  Roach x4  
  175  9:02  Roach  
  173  9:08  Roach  
  165  9:14  Roach x4  
  165  9:15  Roach  
  165  9:16  Roach  
  133  9:21  Roach  
  133  9:22  Roach  
  133  9:23  Burrow, Tunneling Claws  
  132  9:26  Roach  
  132  9:31  Roach  
  131  9:32  Roach  
  131  9:37  Roach  
  131  9:38  Ravager x2  
  136  9:39  Ravager  
  138  9:45  Hatchery  
  138  9:49  Roach x5  
  138  9:51  Roach  
  149  9:57  Roach  
  149  9:58  Roach  
  149  9:59  Roach  
  155  10:01  Roach x2  
  159  10:09  Roach x3  
  159  10:10  Roach x2  
  169  10:19  Infestation Pit  
  169  10:20  Roach  
  169  10:21  Roach  
  168  10:30  Roach  
  168  10:31  Roach x3  
  168  10:33  Overlord  
  176  10:38  Roach  
  176  10:39  Roach x2  
  176  10:40  Roach x3  
  176  10:42  Roach  
  190  10:44  Overlord  
  190  10:48  Roach  
  190  10:49  Roach  
  194  10:53  Roach x6  
  194  10:54  Zerg Ground Armor Level 2, Roach x5  
  194  10:56  Zerg Missile Weapons Level 2  
  194  10:58  Roach x6  
  194  11:00  Roach x3  
  194  11:05  Roach x2  
  194  11:06  Roach  
  200  11:11  Roach  
  200  11:12  Roach  
  200  11:17  Roach x2  
  184  11:20  Roach x2  
  184  11:22  Roach x2  
  184  11:23  Roach x3  
  183  11:27  Roach  
  183  11:28  Roach x3  
  183  11:29  Roach  
  183  11:32  Roach  
  193  11:33  Roach x3  
  193  11:35  Roach x7  
  193  11:36  Roach x2  
  193  11:38  Roach  
  200  11:40  Ravager  
  200  11:45  Roach x2  
  200  11:47  Roach x2  
  200  11:49  Roach x2  
  200  12:01  Roach x47  
  200  12:05  Roach x2  
  192  12:11  Ravager x3  
  192  12:13  Ravager x2  
  192  12:14  Roach x37, Ravager  
  192  12:15  Roach x8, Hive  
  198  12:21  Ravager x2  
  200  12:29  Hatchery  
  189  12:39  Drone x6  
  189  12:41  Roach x39  
  195  12:47  Infestor x2  
  199  13:15  Drone x2, Hydralisk Den  
  199  13:16  Hatchery  
  199  13:38  Spine Crawler  
  199  13:39  Spore Crawler, Drone  
  199  13:40  Drone x2  
  200  13:48  Grooved Spines  
  200  13:51  Spire  
  200  13:54  Infestor x2  
  193  14:01  Roach  
  193  14:02  Roach x2  
  197  14:09  Roach x2  
  189  14:15  Drone x3  
  192  14:20  Ravager x2  
  192  14:21  Ravager x3  
  192  14:23  Roach  
  192  14:24  Ravager  
  198  14:35  Roach x3  
  196  14:59  Ravager x3  
  198  15:00  Ravager  
  194  15:12  Roach x2  
  190  15:15  Roach x21  
  190  15:16  Roach x2  
  190  15:17  Roach x3  
  200  15:24  Roach x7  
Show
View Real Time Build Order
Export as new Build Order

Epic Terran 

Build Orders: Reaper Expand, MMM Bio 

Get SALT Encoding   

  12  0:00  SCV  
  13  0:12  SCV  
  14  0:17  Supply Depot  
  14  0:25  SCV  
  15  0:38  SCV  
  15  0:40  Barracks  
  16  0:43  Refinery  
  16  0:50  SCV  
  17  1:02  SCV  
  18  1:14  SCV  
  19  1:26  Orbital Command  
  19  1:27  Reaper  
  20  1:40  Command Center  
  20  1:51  Barracks  
  20  1:54  SCV  
  20  2:00  Barracks Reactor  
  21  2:07  Supply Depot  
  21  2:08  SCV  
  22  2:17  Refinery  
  22  2:20  SCV  
  23  2:27  Factory  
  23  2:32  SCV  
  24  2:38  Marine x2, Barracks Tech Lab  
  26  2:44  SCV  
  27  2:52  Orbital Command  
  27  2:56  Stimpack  
  27  2:59  SCV  
  27  3:05  Marine x2  
  28  3:06  Marine  
  31  3:15  SCV  
  31  3:18  Starport  
  32  3:21  SCV  
  32  3:22  Factory Reactor  
  32  3:27  SCV  
  34  3:31  Marine x2  
  34  3:32  Marine  
  34  3:34  SCV  
  38  3:38  Supply Depot  
  38  3:40  SCV  
  39  3:46  SCV  
  40  3:49  Marine x2  
  40  3:50  Marine  
  40  3:52  SCV  
  44  3:58  SCV  
  45  4:04  Medivac x2, SCV  
  45  4:07  Marine x3  
  53  4:12  Supply Depot, SCV  
  54  4:22  Engineering Bay  
  54  4:24  Engineering Bay  
  54  4:33  Marine x3, SCV x2  
  54  4:35  Factory Tech Lab  
  54  4:37  Cyclone  
  61  4:41  Bunker  
  61  4:45  SCV  
  61  4:51  Supply Depot  
  62  4:55  Supply Depot  
  62  4:57  Terran Infantry Weapons Level 1  
  62  4:58  Terran Infantry Armor Level 1  
  62  5:12  Marine x3, SCV x2  
  67  5:15  Combat Shields  
  67  5:20  Command Center  
  67  5:25  SCV x2  
  69  5:30  Marine x2  
  71  5:39  Factory Tech Lab  
  71  5:40  SCV x2  
  73  5:47  Refinery x2, Viking  
  73  5:49  Supply Depot  
  75  5:52  SCV x2  
  75  5:53  Marine  
  75  5:56  Supply Depot  
  78  6:10  Marine x2, SCV x2  
  82  6:11  Barracks  
  82  6:12  Barracks  
  82  6:14  Supply Depot, Siege Tank  
  85  6:20  Marine  
  85  6:23  SCV x2  
  88  6:28  Marauder  
  88  6:29  Medivac  
  92  6:33  Orbital Command  
  92  6:36  SCV  
  92  6:37  SCV  
  92  6:38  Armory  
  94  6:41  Marine  
  94  6:46  Barracks  
  95  6:48  SCV  
  95  6:49  SCV  
  95  6:50  Siege Tank  
  100  6:59  Barracks Reactor  
  100  7:00  Orbital Command, Barracks Reactor  
  100  7:01  SCV x2  
  101  7:08  Marine x3  
  102  7:09  Supply Depot  
  102  7:13  SCV x2  
  106  7:19  Medivac x2  
  106  7:22  Concussive Shells  
  110  7:23  Supply Depot  
  110  7:25  SCV x2  
  110  7:26  SCV  
  110  7:28  Refinery, Siege Tank  
  110  7:29  Refinery  
  116  7:35  Supply Depot x2  
  116  7:37  SCV x2  
  116  7:38  SCV  
  116  7:42  Marauder, Marine  
  116  7:43  Marine  
  116  7:44  Marine x2  
  114  7:51  Marine x3  
  114  7:54  Orbital Command  
  103  7:59  Medivac  
  103  8:00  Marine  
  103  8:01  Marine  
  103  8:02  Marine x2  
  103  8:04  Marauder  
  99  8:09  Marine x2  
  99  8:12  Marine  
  89  8:16  Siege Tank, SCV  
  89  8:17  SCV  
  93  8:21  SCV  
  94  8:29  Marine x3  
  94  8:30  Marauder, Marine x4  
  103  8:40  Orbital Command  
  102  8:46  Medivac x2  
  102  8:47  Marine x2  
  106  8:49  Marine  
  106  8:50  Marine x3  
  106  8:51  Marauder  
  110  9:02  Siege Tank  
  97  9:15  SCV  
  97  9:16  SCV  
  83  9:20  Medivac  
  85  9:25  Orbital Command  
  85  9:27  Medivac  
  85  9:28  SCV  
  85  9:29  SCV  
  85  9:30  Marine x2  
  85  9:31  Marine x4  
  93  9:32  Marine  
  93  9:36  Marauder  
  97  9:47  SCV x2  
  99  9:53  Siege Tank  
  99  9:59  Orbital Command, SCV x3  
  105  10:01  Marauder, Marine x3  
  105  10:03  Marine  
  111  10:16  Medivac  
  111  10:20  Marine x2  
  111  10:21  Marine x4  
  115  10:28  SCV x2  
  119  10:31  Supply Depot  
  119  10:35  Siege Tank  
  122  10:43  SCV x3  
  122  10:47  Terran Infantry Weapons Level 2  
  124  10:53  Marine  
  124  10:54  Marine x4  
  124  10:56  SCV  
  130  10:58  SCV  
  130  10:59  SCV  
  132  11:11  Medivac  
  122  11:24  Missile Turret  
  114  11:26  SCV x3  
  114  11:29  Marine x3  
  114  11:30  Marauder, Marine x2  
  114  11:33  Marine  
  114  11:39  SCV x2  
  114  11:41  Missile Turret  
  111  11:51  Marauder  
  110  11:56  Siege Tank  
  106  12:02  SCV x2  
  105  12:12  Marauder  
  105  12:14  SCV  
  105  12:15  Marine  
  107  12:16  Marine x3  
  111  12:29  Marine  
  109  12:30  Marine x2  
  109  12:33  Marine x2  
  112  12:37  Orbital Command  
  112  12:44  Marine x3  
  112  12:47  Marine  
  112  12:48  Marine  
  117  12:53  SCV  
  117  12:54  SCV  
  119  13:00  Marauder, Marine  
  119  13:01  Marine  
  119  13:03  Marine  
  124  13:11  Marine x2  
  125  13:29  Supply Depot  
  125  13:30  Marine, Supply Depot  
  125  13:32  Supply Depot  
  125  13:46  Supply Depot  
  125  13:50  Marine x7, SCV x3  
  125  13:51  Marine  
  127  14:08  Marine x7  
  131  14:12  SCV x2  
  131  14:14  Marine  
  134  14:25  Marine x6  
  134  14:26  Marine  
  134  14:29  SCV x3  
  144  14:31  Supply Depot  
  144  14:32  Marine  
  138  14:43  Marine x7  
  137  14:51  Marauder  
  125  15:01  Marine x4  
  124  15:10  Orbital Command  
  124  15:12  Marauder  
  108  15:40  Marine x2  
Tags
 
Add a new tag
Caveats
  • Supply blocks, unpowered buildings, or Contaminate may cause inaccurate times.
  • Supply counts are checked every 10 seconds.